 Dungeon Crawl Stone Soup version 0.21-a0-185-g3a6ed1e (webtiles) character file.

6799 Jeffwins the Slicer (level 10, -2/84 HPs)
             Began as a Yellow Draconian Fighter on Aug 12, 2017.
             Was a Follower of Ashenzari.
             Slain by a freezing wraith (18 damage)
             ... on level 8 of the Dungeon.
             The game lasted 00:23:59 (7574 turns).

Jeffwins the Slicer (Yellow Draconian Fighter)      Turns: 7574, Time: 00:24:00

Health: -2/84      AC: 10    Str: 20    XL:     10   Next: 76%
Magic:  0/13       EV: 14    Int: 11    God:    Ashenzari [*.....]
Gold:   396        SH: 11    Dex: 15    Spells: 10/10 levels left

rFire    . . .     SeeInvis .   x - +4 scimitar (flame)
rCold    . . .     Gourm    .   b - +1 shield
rNeg     + . .     Faith    .   (armour unavailable)
rPois    .         Spirit   +   (helmet restricted)
rElec    .         Reflect  .   K - +0 cloak
rCorr    +         Harm     .   (no gloves)
MR       .....     Clarity  +   M - +0 pair of boots
Stlth    ++........             L - amulet "Acinenoj" {Spirit Dex+3}
HPRegen  0.24/turn              B - +1 ring of protection
MPRegen  0.13/turn              z - ring of positive energy

@: short of breath, very slightly contaminated, invisible
A: spit acid, acid resistance, unfitting armour, clarity, strong 1, wild magic
1, cold-blooded, AC +7
a: Breathe Acid, Curse Item, Scrying, Renounce Religion


You were on level 8 of the Dungeon.
You worshipped Ashenzari.
Ashenzari was aware of your devotion.
You were very hungry.

You visited 2 branches of the dungeon, and saw 9 of its levels.
You also visited: Sewer and Ossuary.

You collected 396 gold pieces.

Inventory:

Hand Weapons
 f - a +3 short sword of electrocution
 x - a +4 scimitar of flaming (weapon)
 J - a +0 long sword of draining
Armour
 b - a +1 shield (worn)
 K - a +0 cloak (worn)
 M - a +0 pair of boots (worn)
Jewellery
 n - an uncursed ring of wizardry
 u - an uncursed ring of flight
 w - an uncursed ring of magical power
 z - a ring of positive energy (right hand)
 B - a +1 ring of protection (left hand)
 H - an uncursed ring of protection from cold
 L - the amulet "Acinenoj" (around neck) {Spirit Dex+3}
   (You took it off an orc wizard on level 8 of the Dungeon)

   [amulet of guardian spirit]

   It causes incoming damage to be split between your health and magic.
   It affects your dexterity (+3).
Wands
 j - a wand of polymorph (0/24)
 y - a wand of polymorph (6/24)
 A - a wand of iceblast (6/15)
 C - a wand of random effects (19/48)
 F - a wand of lightning (10/15)
Scrolls
 g - 3 scrolls of recharging
 h - 3 scrolls of remove curse
 i - a scroll of identify
 k - 3 scrolls of fear {unknown}
 l - 7 scrolls of teleportation
 t - 6 scrolls of amnesia
 G - 2 scrolls of magic mapping
Potions
 c - 4 potions of might
 e - 6 potions of heal wounds
 o - 4 potions of curing
 D - a potion of resistance
 E - 2 potions of brilliance
 P - a potion of agility
Books
 a - a book of Battle

   Spells                             Type                      Level
   a - Infusion                       Charms                       1
   b - Shroud of Golubria             Charms/Translocation         2
   c - Song of Slaying                Charms                       2
   d - Spectral Weapon                Hexes/Charms                 3
   e - Regeneration                   Charms/Necromancy            3
 v - a book of Maledictions

   Spells                             Type                      Level
   a - Corona                         Hexes                        1
   b - Ensorcelled Hibernation        Hexes/Ice                    2
   c - Confuse                        Hexes                        3
   d - Tukima's Dance                 Hexes                        3
   e - Dazzling Spray                 Conjuration/Hexes            3
Comestibles
 d - 2 bread rations
 p - 3 royal jellies
 q - 3 meat rations
 s - 2 fruits


   Skills:
 + Level 6.6 Fighting
 - Level 12.1 Short Blades
 + Level 2.2(8.2) Long Blades
   Level 2.2 Axes
 + Level 5.6 Dodging
 + Level 0.8 Stealth
 + Level 5.9 Shields
 + Level 0.5 Spellcasting
 + Level 5.1 Evocations


You had 10 spell levels left.
You didn't know any spells.

Dungeon Overview and Level Annotations

Branches:
Dungeon (8/15)             Temple (1/1) D:5
   Lair: D:8-11

Altars:
Ashenzari
Cheibriados
Dithmenos
Elyvilon
Fedhas
Gozag
Hepliaklqana
Kikubaaqudgha
Makhleb
Nemelex Xobeh
Okawaru
Qazlal
Ru
Sif Muna
Trog
Uskayaw
Vehumet
Wu Jian
Xom
Yredelemnul
Zin
The Shining One

Shops:
D:5 *

Annotations:
D:3 exclusion: oklob plant


Innate Abilities, Weirdness & Mutations

You can spit globs of acid.
You are resistant to acid.
Your golden yellow scales are hard. (AC +7)
You cannot fit into any form of body armour.
You are cold-blooded and may be slowed by cold attacks.
You possess an exceptional clarity of mind.
Your muscles are strong. (Str +2)
Your spells are a little harder to cast, but a little more powerful.


Message History

Aim: a freezing wraith (lightly damaged, chance to defeat MR: 43%)
The freezing wraith is unaffected.
Evoking this partially-identified wand wasted a few charges.
You feel yourself speed up.
The freezing wraith hits you but does no damage.
You block the freezing wraith's attack.
Okay, then.
Press: ? - help, Shift-Dir - straight line, f/p - freezing wraith
Aim: a freezing wraith (lightly damaged)
You spit a glob of acid.
The glob of acid hits the freezing wraith.
The freezing wraith is splashed with acid.
The acid corrodes the freezing wraith!
The freezing wraith is moderately damaged.
The freezing wraith is splashed with acid.
The acid corrodes the freezing wraith!
You feel somewhat more hungry. The freezing wraith hits you!
* * * LOW HITPOINT WARNING * * *
The freezing wraith freezes you!!
You die...

***** *,*#.##...##.#...##.#....
**,*****,*#..#...#..######.#.###
**,,,,,,,,*#..#...#..#..###.#.###
,,,,*******#####.#####...........
***** #......)##.#####.##. *
#..............#.##. *
#.#......#.###.#....
#.#W....).).##.####.
#.#@.##..##.##.# #.
#.#.###..##.##.# #.
#.#(###........# #.
#..............####.
###[####.......#.... #.##
#.......#.##. #.[# #.......#.##.
##.# #.......#.##. #.#
#.......#.##.


You could see a freezing wraith.

Vanquished Creatures
  2 two-headed ogres
  Erica (D:8)
  The ghost of coolguy69 the Cleaver, a novice HOFi of Okawaru (D:5)
  A komodo dragon (D:8)
  A troll (D:8)
  The ghost of Plrand25 the Covered, an amateur DDFi of Nemelex Xobeh (Ossuary)
  The ghost of Jeffwins the Slasher, an amateur DrFi (D:4)
  Prince Ribbit (D:5)
  Sigmund (D:6)
  Grum (D:8)
  Edmund (D:5)
  2 orc warriors
  3 ice beasts
  A phantom (D:5)
  An eye of draining (D:7)
  An ogre (D:8)
  4 wolves (D:8)
  3 big kobolds (Sewer)
  2 bullfrogs (D:7)
  2 water moccasin zombies
  A scorpion (D:6)
  2 howler monkeys
  2 crimson imps (D:6)
  4 hounds
  A bullfrog skeleton (D:5)
  A jelly (D:5)
  A centaur skeleton (D:6)
  A gnoll shaman (D:7)
  3 orc priests (D:8)
  6 orc wizards
  Ijyb (D:5)
  7 worker ants
  A hound skeleton (D:8)
  12 mummies (Ossuary)
  16 gnolls
  5 adders
  A shadow imp (D:5)
  4 oozes
  2 adder zombies (D:5)
  5 worms
  A dart slug (D:3)
  6 leopard geckos
  19 orcs
  2 ball pythons (Sewer)
  5 giant cockroaches
  7 goblins
  6 hobgoblins
  6 jackals
  4 quokkas
  14 bats
  6 frilled lizards
  2 gnoll skeletons (Ossuary)
  A goblin skeleton (Ossuary)
  2 jackal zombies
  11 kobolds
  3 kobold skeletons (Ossuary)
  2 orc skeletons (Ossuary)
  A quokka zombie (D:6)
  17 rats
  11 rat skeletons (Ossuary)
233 creatures vanquished.

Notes
Turn   | Place    | Note
-------+----------+-------------------------------------------
     0 | D:1      | Jeffwins the Draconian Fighter began the quest for the Orb.
     0 | D:1      | Reached XP level 1. HP: 19/19 MP: 1/1
   322 | D:1      | Reached skill level 1 in Short Blades
   329 | D:1      | Reached XP level 2. HP: 26/26 MP: 2/2
   424 | D:1      | Reached skill level 2 in Short Blades
   830 | D:1      | Reached XP level 3. HP: 31/31 MP: 3/3
  1123 | D:2      | Reached skill level 3 in Short Blades
  1190 | D:2      | Found a sparkling altar of Nemelex Xobeh.
  1276 | D:2      | Reached XP level 4. HP: 38/38 MP: 4/4
  1521 | D:3      | Found an ornate altar of the Wu Jian Council.
  1522 | D:3      | Found an ancient bone altar of Kikubaaqudgha.
  1522 | D:3      | Found a burning altar of Makhleb.
  1523 | D:3      | Found a basalt altar of Yredelemnul.
  1565 | D:3      | Found a glowing drain.
  1585 | Sewer    | Entered a sewer
  1598 | Sewer    | Reached skill level 4 in Short Blades
  1618 | Sewer    | Noticed a big kobold
  1639 | Sewer    | Killed a big kobold
  1639 | Sewer    | Reached XP level 5. HP: 35/45 MP: 5/5
  1717 | Sewer    | Reached skill level 5 in Short Blades
  1967 | Sewer    | Reached skill level 6 in Short Blades
  1967 | Sewer    | Reached XP level 6. HP: 31/51 MP: 6/6
  2222 | D:3      | Found a blossoming altar of Fedhas.
  2243 | D:3      | Noticed an oklob plant
  2745 | D:4      | Found a sacrificial altar of Ru.
  3162 | D:4      | Noticed Jeffwins's ghost (amateur DrFi)
  3169 | D:4      | Killed Jeffwins's ghost
  3169 | D:4      | Reached skill level 7 in Short Blades
  3169 | D:4      | Your scales start taking on a golden yellow colour.
  3169 | D:4      | Reached XP level 7. HP: 47/57 MP: 7/7
  3440 | D:5      | Entered Level 5 of the Dungeon
  3461 | D:5      | Noticed coolguy69's ghost (novice HOFi)
  3462 | D:5      | Noticed Prince Ribbit
  3463 | D:5      | Reached skill level 8 in Short Blades
  3473 | D:5      | Killed Prince Ribbit
  3706 | D:5      | Killed coolguy69's ghost
  3706 | D:5      | Reached skill level 10 in Short Blades
  3706 | D:5      | Reached XP level 8. HP: 56/63 MP: 8/8
  3734 | D:5      | Found a staircase to the Ecumenical Temple.
  3743 | Temple   | Entered the Ecumenical Temple
  3847 | Temple   | Became a worshipper of Ashenzari the Shackled
  3865 | D:5      | Noticed Ijyb
  3891 | D:5      | Killed Ijyb
  3913 | D:5      | Reached skill level 1 in Evocations
  3972 | D:5      | Found an opulent altar of Gozag.
  4008 | D:5      | Noticed Edmund
  4068 | D:5      | Killed Edmund
  4203 | D:5      | Found Gozag's Platinum Reserve.
  4320 | D:6      | Noticed Sigmund
  4374 | D:6      | Killed Sigmund
  4374 | D:6      | Reached XP level 9. HP: 46/71 MP: 10/10
  4702 | D:6      | Noticed a two-headed ogre
  4713 | D:6      | Killed a two-headed ogre
  4713 | D:6      | Reached skill level 11 in Short Blades
  4894 | D:6      | Reached * piety under Ashenzari
  5134 | D:6      | Found a white marble altar of Elyvilon.
  5135 | D:6      | Found a glowing golden altar of the Shining One.
  5136 | D:6      | Found a glowing silver altar of Zin.
  5160 | D:7      | Reached skill level 1 in Long Blades
  5258 | D:7      | Reached skill level 5 in Fighting
  5976 | D:8      | Found a sand-covered staircase.
  5981 | Ossuary  | Entered an ossuary
  6092 | Ossuary  | Noticed Plrand25's ghost (amateur DDFi)
  6118 | Ossuary  | Killed Plrand25's ghost
  6258 | Ossuary  | Reached XP level 10. HP: 81/81 MP: 12/12
  6545 | D:8      | Reached skill level 5 in Shields
  6562 | D:8      | Noticed a two-headed ogre
  6567 | D:8      | Killed a two-headed ogre
  6567 | D:8      | Reached skill level 5 in Dodging
  6964 | D:8      | Noticed Erica
  6978 | D:8      | Noticed Grum
  7064 | D:8      | Killed Grum
  7073 | D:8      | Killed Erica
  7073 | D:8      | Reached skill level 12 in Short Blades
  7138 | D:8      | Reached skill level 5 in Evocations
  7399 | D:8      | Identified the amulet "Acinenoj" {Spirit Dex+3} (You took it off an orc wizard on level 8 of the Dungeon)
  7570 | D:8      | Gained mutation: Your muscles are strong. (Str +2) [potion of mutation]
  7570 | D:8      | Gained mutation: You possess an exceptional clarity of mind. [potion of mutation]
  7570 | D:8      | Gained mutation: Your spells are a little harder to cast, but a little more powerful. [potion of mutation]
  7574 | D:8      | Slain by a freezing wraith

Vault maps used:
D:1:      lightli_arrival_farm
D:2:      first_bread, nemelex_diamond_rough_becter
D:3:      tgw_fedhas, chequers_temple_overflow_statue_of_worship,
          gup_sewer_entry_pipe
D:4:      nicolae_ru_awakened_eye
D:5:      minmay_temple_entry_overgrown, nicolae_gozag_zags_fifth_avenue,
          uniq_prince_ribbit1, uniq_edmund, uniq_ijyb
D:6:      good_gods_mini_temple, uniq_sigmund
D:8:      minmay_blocky_corners, enter_ossuary_5, basic_altar, uniq_grum,
          uniq_erica
Temple:   nicolae_temple_great_sept
Sewer:    sewer_co_15_rooms
Ossuary:  ossuary_due_small_catacomb

Skill      XL: |  1  2  3  4  5  6  7  8  9 10 |
---------------+-------------------------------+-----
Short Blades   | 1 2 3 4 6 7 10 11 12 | 12.1
Dodging        | 3 4 5 |  5.6
Evocations     | 2 3 5 |  5.1
Fighting       | 4 5 6 |  6.6
Shields        | 4 5 |  5.9
Long Blades    | 1 2 |  2.2
Axes           | |  2.2
Stealth        | |  0.8
Spellcasting   | |  0.5

Action                   |  1- 3 |  4- 6 |  7- 9 | 10-12 || total
-------------------------+-------+-------+-------+-------++-------
Melee: Short sword       |    88 |   194 |   307 |    92 ||   681
       War axe           |     9 |       |       |       ||     9
       Tailslap          |    10 |    20 |    34 |     9 ||    73
       Unarmed           |       |       |       |    15 ||    15
       Scimitar          |       |       |       |     2 ||     2
 Abil: Breathe Acid      |       |       |    15 |    12 ||    27
Evoke: Wand              |       |       |       |     3 ||     3
  Use: Potion            |       |     4 |     1 |     3 ||     8
       Scroll            |       |       |     6 |    11 ||    17
 Stab: Sleeping          |     2 |     1 |     1 |     1 ||     5
  Eat: Chunk             |     1 |     6 |    12 |     5 ||    24
       Fruit             |       |       |     2 |       ||     2
Armor: Skin              |    29 |    35 |    47 |     8 ||   119
Dodge: Dodged            |    45 |    47 |    79 |    23 ||   194
Block: Shield            |    47 |    72 |    86 |    48 ||   253
